 Dungeon Crawl Stone Soup version 0.27.1-33-g824d729ab1 (webtiles) character file.

Game seed: 4683961036071675783

70 lordive the Skirmisher (level 4, -3/73 HPs)
             Began as an Ogre Berserker on Dec 26, 2021.
             Was a Believer of Trog.
             Slain by a centaur (6 damage)
             ... on level 5 of the Dungeon.
             The game lasted 00:01:55 (2024 turns).

lordive the Skirmisher (Ogre Berserker)             Turns: 2024, Time: 00:01:56

Health: -3/73      AC:  3    Str: 22    XL:     4   Next: 21%
Magic:  4/4        EV: 10    Int:  8    God:    Trog [**....]
Gold:   76         SH:  0    Dex:  8    Spells: 3/3 levels left

rFire    . . .     SeeInvis .   h - +2 flail (vorpal)
rCold    . . .     Faith    .   (no shield)
rNeg     . . .     Spirit   .   b - +0 animal skin
rPois    .         Reflect  .   (helmet restricted)
rElec    .         Harm     .   (no cloak)
rCorr    .         Rampage  .   (gloves unavailable)
Will     .....                  (boots unavailable)
Stlth    ..........             (no amulet)
HPRegen  0.22/turn              (no ring)
MPRegen  0.09/turn              (no ring)

@: berserking, very quick
A: large, unfitting armour, tough skin 1
a: Renounce Religion, Berserk, Trog's Hand


You were on level 5 of the Dungeon.
You worshipped Trog.
Trog was pleased with you.
You visited 1 branch of the dungeon, and saw 4 of its levels.

You collected 76 gold pieces.

Inventory:

Hand Weapons
 h - a +2 vorpal flail (weapon)
Armour
 b - a +0 animal skin (worn)
Scrolls
 d - a scroll of teleportation {unknown}
 f - 2 scrolls of identify {unknown}
Potions
 c - a potion of magic {unknown}
 e - a potion of heal wounds {unknown}
 g - a potion of might {unknown}


   Skills:
 * Level 4.7 Fighting
 * Level 3.5 Maces & Flails
 * Level 0.5 Armour
 * Level 3.2 Dodging


You had 3 spell levels left.
You didn't know any spells.
Your spell library was empty.

Dungeon Overview and Level Annotations

Branches:
Dungeon (5/15)
 Temple: D:4-7

Altars:

Annotations:
D:2 1 runed translucent door, Crazy Yiuf


Innate Abilities, Weirdness & Mutations

You are too large for most types of armour.
You have tough skin. (AC +1)


Message History

Trog accepts your kill.
You feel a strong urge to attack something.
You feel your anger nearly subside.
You are no longer berserk.
You are exhausted.
You feel yourself slow down.
You see here a +2 vorpal flail.
h - a +2 vorpal flail
h - a +2 vorpal flail (weapon)
Drop what? 8/52 slots (_ for help) (? for menu, Esc to quit)
You drop a +0 mace.
You start resting.
You feel yourself speed up.
You start resting.
You recover from your berserk rage.
You start resting.
A centaur comes into view.
A centaur is nearby! 2 orcs come into view.
The orc shouts!
You hear a shout!
The centaur wields a +0 shortbow.
The centaur shoots an arrow.
The arrow hits you!
* * * LOW HITPOINT WARNING * * *
An orc comes into view. It is wielding a +0 flail.
The orc moves out of view.
The orc shouts!
An orc comes into view. It is wielding a +0 whip.
A red film seems to cover your vision as you go berserk!
You feel yourself moving faster!
You feel mighty!
The centaur shoots an arrow.
The arrow hits you!
* * * LOW HITPOINT WARNING * * *
The centaur shoots an arrow.
The arrow hits you.
* * * LOW HITPOINT WARNING * * *
You feel a strong urge to attack something.
The centaur unwields a +0 shortbow.
The centaur hits you.
* * * LOW HITPOINT WARNING * * *
The centaur kicks you but does no damage.
You sock the centaur!
The centaur is moderately wounded.
The centaur hits you.
You die...

####.#..###.###
...............
####.##.###.###
#.# #.# #)# #.#
#.# #@# #.co.#
.##o....# ##
...#.. o...
.#.## #... .#


You could see a centaur and 3 orcs.

Vanquished Creatures
  2 gnolls
  An ufetubus (D:5)
  A dart slug (D:1)
  3 ball pythons (D:1)
  4 endoplasms
  A giant cockroach (D:1)
  2 goblins
  4 hobgoblins
  9 jackals
  6 bats (D:1)
  2 frilled lizards (D:1)
  2 kobolds
  2 rats
39 creatures vanquished.

Notes
Turn   | Place    | Note
-------+----------+-------------------------------------------
     0 | D:1      | lordive the Ogre Berserker began the quest for the Orb.
     0 | D:1      | Reached XP level 1. HP: 24/24 MP: 1/1
   323 | D:1      | Reached XP level 2. HP: 12/32 MP: 2/2
   961 | D:1      | Found a faded altar of an unknown god.
   964 | D:1      | Reached XP level 3. HP: 40/40 MP: 3/3
  1420 | D:1      | Reached ** piety under Trog
  1896 | D:2      | Found a runed translucent door.
  1897 | D:2      | Noticed Crazy Yiuf
  1920 | D:2      | You fall into a shaft and drop 2 floors!
  1924 | D:5      | Entered Level 5 of the Dungeon
  1928 | D:5      | Reached XP level 4. HP: 21/49 MP: 4/4
  2019 | D:5      | Noticed a centaur
  2023 | D:5      | HP: 3/73 [centaur (1)]
  2024 | D:5      | Slain by a centaur

Illustrated notes

Levels and vault maps discovered:
D:1:      psy_arrival_wood_between_worlds, layout_loops_corners,
          ebering_ecumenical_altar_webs
D:2:      layout_rooms, uniq_crazy_yiuf_cottage
D:4:      layout_rooms, serial_shops, shop, uniq_robin
D:5:      layout_loops_ring, minmay_temple_entry_statues_fountains

Skill      XL: |  1  2 |
---------------+-------+-----
Maces & Flails | 3 |  3.5
Dodging        | 3 |  3.2
Fighting       | |  4.7
Armour         | |  0.5

Action                   |  1- 3 |  4- 6 || total
-------------------------+-------+-------++-------
Melee: Mace              |   124 |     4 ||   128
       Flail             |       |     1 ||     1
Invok: Berserk           |     1 |     1 ||     2
Armor: Animal skin       |    57 |     1 ||    58
Dodge: Dodged            |    93 |     4 ||    97
